 Dungeon Crawl Stone Soup version 0.30.0-19-g36f170ea60 (webtiles) character file.

Game seed: 2884753857092810025

451 PriceMaster the Changer (level 7, 0/43 HPs)
             Began as an Octopode Transmuter on May 26, 2023.
             Slain by a jelly (2 damage)
             ... on level 4 of the Dungeon.
             The game lasted 00:06:14 (3260 turns).

PriceMaster the Changer (Octopode Transmuter)       Turns: 3260, Time: 00:06:14

Health: 0/43       AC:  1    Str: 11    XL:     7   Next: 4%
Magic:  6/12       EV: 13    Int: 15    God:
Gold:   184        SH:  3    Dex: 13    Spells: 8/13 levels left

rFire   . .          .
                       - Unarmed
rCold   . . .        t - +0 buckler
rNeg    . . .        (helmet restricted)
rPois   .            (no amulet)
rElec   .            (no ring)
rCorr   .            (no ring)
SInv    .            (no ring)
Will    .....        (no ring)
Stlth   +++          (no ring)
HPRegen 0.27/turn    (no ring)
MPRegen 0.13/turn    (no ring)
                     (no ring)

%: no passive effects
@: brilliant, on blink cooldown, very slightly contaminated
A: almost no armour, amphibious, 8 rings, camouflage 1, gelatinous body 1,
(nimble swimmer 1), tentacles
a: no special abilities


You were on level 4 of the Dungeon.
You visited 1 branch of the dungeon, and saw 4 of its levels.

You collected 240 gold pieces.
You spent 56 gold pieces at shops.

Inventory:

Hand Weapons
 b - a +1 dagger of speed
 d - a +2 whip of pain
 g - a +2 short sword of electrocution
Missiles
 f - 29 stones
Armour
 t - a +0 buckler (worn)
Magical Staves
 k - a staff of conjuration
Wands
 r - a wand of roots (5)
Scrolls
 c - 3 scrolls of amnesia
 h - a scroll of fear {unknown}
 i - 4 scrolls of identify
 j - 2 scrolls of enchant armour {unknown}
 l - a scroll of magic mapping {unknown}
 m - a scroll of immolation {unknown}
 n - 3 scrolls of enchant weapon {unknown}
 o - a scroll of poison {unknown}
 s - a scroll of teleportation {unknown}
Potions
 p - 2 potions of cancellation


   Skills:
 + Level 1.5 Fighting
 + Level 1.7 Short Blades
 + Level 3.0 Dodging
 + Level 3.3 Stealth
 + Level 0.2 Shields
 + Level 3.4 Unarmed Combat
 + Level 3.8 Spellcasting
 + Level 0.2 Translocations
 + Level 4.2 Transmutations


You had 8 spell levels left.
You knew the following spells:

 Your Spells              Type           Power      Damage    Failure   Level
a - Beastly Appendage     Tmut           46%        N/A       4%          1
b - Wereblood             Tmut           23%        N/A       7%          2
c - Blink                 Tloc           10%        N/A       36%         2

Your spell library contained the following spells:

 Spells                   Type           Power      Damage    Failure   Level
 Spider Form              Tmut/Pois      13%        N/A       34%         3
 Stone Arrow              Conj/Erth      8%         3d7       63%         3
 Ice Form                 Ice/Tmut       13%        N/A       75%         4
 Manifold Assault         Tloc           5%         N/A       94%         4
 Storm Form               Tmut/Air       6%         N/A       100%        7
 Lehudib's Crystal Spear  Conj/Erth      2%         10d2      100%        8
 Animate Armour           Summ/Erth      Unusable   N/A       N/A         4

Dungeon Overview and Level Annotations

Branches:
Dungeon (4/15)
 Temple: D:4-7

Altars:

Shops:
D:1 [?


Innate Abilities, Weirdness & Mutations

You cannot wear most types of armour.
You are amphibious.
You can wear up to eight rings at the same time.
Your skin changes colour to match your surroundings (Stealth+).
Your rubbery body absorbs attacks. (AC +1, EV +1)
((You are camouflaged when in or above water. (Stealth+)))
You have tentacles for arms and can constrict up to eight enemies at once.


Message History

Confirm with . or Enter, or press ? or * to list all spells.
You feel a surge of power!
You blink.
The orc hits you with a +0 hand axe.
* * * LOW HITPOINT WARNING * * *
The orc attacks as you move away! The orc hits you with a +0 hand axe!
* * * LOW HITPOINT WARNING * * *
Casting: Blink (dangerous; 36% risk of failure)
Confirm with . or Enter, or press ? or * to list all spells.
You are still too unstable to blink.
Casting: Blink (dangerous; 36% risk of failure)
Confirm with . or Enter, or press ? or * to list all spells.
You are still too unstable to blink.
You tentacle-slap the orc but do no damage.
You grab the orc. You constrict the orc. The orc barely misses you.
Casting: Blink (dangerous; 36% risk of failure)
Confirm with . or Enter, or press ? or * to list all spells.
You are still too unstable to blink.
Okay, then.
Okay, then.
Casting: Blink (dangerous; 36% risk of failure)
Confirm with . or Enter, or press ? or * to list all spells.
You are still too unstable to blink.
You tentacle-slap the orc but do no damage.
You squeeze the orc, but do no damage.
The orc is moderately wounded.
You feel stable enough to blink again.
You constrict the orc, but do no damage.
The orc closely misses you.
Casting: Blink (dangerous; 36% risk of failure)
Confirm with . or Enter, or press ? or * to list all spells.
You feel a surge of power!
You miscast Blink.
You are very lightly contaminated with residual magic.
Nothing appears to happen.
You constrict the orc, but do no damage.
The orc hits you with a +0 hand axe.
* * * LOW HITPOINT WARNING * * *
You release your grip on the orc.
Casting: Blink (dangerous; 36% risk of failure)
Confirm with . or Enter, or press ? or * to list all spells.
You feel a surge of power!
You blink.
The jelly hits you.
You die...

############ ##
#<....J.o§.# ...
######@###.......
#...###.....
###.........
########.#######
...#...#...#
.#...#...#.#
#.....###..#
#.....# #.##
+..../'##..#


You could see a jelly and an orc.

Vanquished Creatures
  2 phantoms (D:4)
  A howler monkey (D:4)
  2 hounds (D:4)
  2 orc priests
  An iguana (D:4)
  4 adders
  2 worms
  8 orcs
  7 bats
  6 endoplasms
  4 giant cockroaches
  4 goblins
  8 hobgoblins
  4 jackals (D:2)
  6 kobolds
  4 quokkas
  6 ball pythons
  A frilled lizard (D:2)
  8 rats
80 creatures vanquished.

Notes
Turn   | Place    | Note
-------+----------+-------------------------------------------
     0 | D:1      | PriceMaster the Octopode Transmuter began the quest for the
                  | Orb.
     0 | D:1      | Reached XP level 1. HP: 13/13 MP: 3/3
   172 | D:1      | Reached XP level 2. HP: 12/18 MP: 3/5
   231 | D:1      | Reached skill level 1 in Stealth
   407 | D:1      | Found Qiudouskuepp's Armour Shoppe.
   425 | D:1      | Learned a level 2 spell: Wereblood
   501 | D:1      | Reached XP level 3. HP: 11/23 MP: 6/6
  1076 | D:1      | Found The Oracle's Delphic Readings.
  1080 | D:1      | Bought a scroll of identify for 28 gold pieces
  1080 | D:1      | Bought a scroll of identify for 28 gold pieces
  1547 | D:2      | Reached XP level 4. HP: 23/28 MP: 5/7
  1837 | D:2      | Learned a level 2 spell: Blink
  2369 | D:3      | Reached skill level 3 in Transmutations
  2373 | D:3      | Reached XP level 5. HP: 17/33 MP: 5/9
  2930 | D:4      | Noticed a phantom
  2940 | D:4      | Killed a phantom
  2941 | D:4      | Reached skill level 1 in Short Blades
  3073 | D:4      | Reached XP level 6. HP: 18/38 MP: 7/11
  3221 | D:4      | Reached skill level 4 in Transmutations
  3231 | D:4      | Reached XP level 7. HP: 19/43 MP: 9/12
  3235 | D:4      | HP: 1/43 [orc/+0 hand axe (4)]
  3258 | D:4      | HP: 1/43 [orc/+0 hand axe (4)]
  3260 | D:4      | Slain by a jelly

Illustrated notes

Levels and vault maps discovered:
D:1:      dpeg_arrival_snail, layout_basic, serial_shops, shop,
          nicolae_nh_oracle_at_delphi
D:2:      layout_loops_ring
D:3:      layout_basic
D:4:      layout_rooms, led_sif_pool, serial_shops,
          nicolae_shop_tiny_real_fake_doors, minmay_fractal_squares_diagonal_5

Skill      XL: |  1  2  3  4  5  6 |
---------------+-------------------+-----
Stealth        | 1 2 3 |  3.3
Transmutations | 3 4 |  4.2
Short Blades   | 1 |  1.7
Spellcasting   | 3 |  3.8
Dodging        | 3 |  3.0
Fighting       | |  1.5
Shields        | |  0.2
Unarmed Combat | |  3.4
Translocations | |  0.2

Action                     |  1- 3 |  4- 6 |  7- 9 || total
---------------------------+-------+-------+-------++-------
  Melee: Unarmed           |    10 |    19 |     5 ||    34
         Dagger            |    38 |       |       ||    38
         Constrict         |    17 |    12 |     1 ||    30
         Tentacles         |     9 |    11 |     1 ||    21
         Kick              |    23 |    13 |       ||    36
         Punch             |     1 |     2 |       ||     3
         Short sword       |    34 |    66 |       ||   100
   Cast: Beastly Appendage |    31 |    22 |       ||    53
         Wereblood         |       |    15 |       ||    15
         Blink             |       |     1 |     3 ||     4
  Evoke: Wand              |       |       |     1 ||     1
    Use: Scroll            |     2 |       |     1 ||     3
         Potion            |       |     4 |     4 ||     8
   Stab: Sleeping          |    16 |     4 |       ||    20
 Armour: Skin              |     8 |    61 |       ||    69
  Dodge: Dodged            |    33 |    49 |    11 ||    93
  Block: Buckler           |       |    12 |     3 ||    15
